AoeStats
← MarcaTenebrosa

Four Lakes

507207586Analyzed
1v1 RM · 15d ago on Sep 17, 2026· 37m 20s· 2 players
Game mode
Random Map
Map size
Tiny (2 player)
Population
200
Speed
Normal
Resources
Standard
Victory
Conquest
Starting age
Dark Age
Ending age
Imperial Age
RankedLock teamsTeams togetherTeam positionsShared explorationLock speedFull tech treeHidden civsTurbo modeCheats
Victory
Defeat
🇺🇸 Persians · United States
1056
+16
🇦🇷 Italians · Argentina
1054
-43
MarcaTenebrosa
9:42 Feudal Age
9:52 Man-at-Arms
11:48 Horse Collar
18:50 Castle Age
17:54 Stone Mining
19:13 Fletching
19:57 Double-Bit Axe
20:08 Loom
21:01 Long Swordsman
22:16 Bodkin Arrow
25:17 Scale Mail Armor
27:43 Heavy Plow
27:46 Padded Archer Armor
28:02 Chain Mail Armor
29:32 Bow Saw
30:23 Squires
31:18 Wheelbarrow
Abyssalmole
11:34 Feudal Age
10:14 Loom
11:47 Loom
17:17 Castle Age
15:57 Fishing Lines
17:00 Fletching
17:11 Padded Archer Armor
17:19 Double-Bit Axe
17:56 Gillnets
19:09 Crossbowman
20:07 Leather Archer Armor
20:42 Bow Saw
21:12 Stone Mining
23:07 Thumb Ring
24:40 Bodkin Arrow
27:49 Ballistics
30:16 Imperial Age
28:38 Horse Collar
29:31 Heavy Plow
31:00 Wheelbarrow
31:48 Ring Archer Armor
31:22 Kamandaran
32:37 Conscription
33:27 Chemistry
32:54 Hand Cart
32:33 Town Watch
34:23 Scale Barding Armor
34:28 Forging
33:43 Cavalier
34:23 Husbandry
Connection lost

Rejoining the realm…

Still unreachable

The connection could not be restored.

Session expired

The server has moved on; the page needs a fresh start.